 Dungeon Crawl Stone Soup version 0.29.1-12-g30fa7ad0bf (webtiles) character file.

Game seed: 443878547224916693

1931 Strafespey the Covert (level 9, -1/48 HPs)
             Began as a Kobold Enchanter on Dec 22, 2022.
             Was a Follower of Wu Jian.
             Slain by a sky beast (6 damage)
             ... on level 6 of the Dungeon.
             The game lasted 00:20:45 (7650 turns).

Strafespey the Covert (Kobold Enchanter)            Turns: 7650, Time: 00:20:46

Health: -1/48      AC:  5    Str:  7    XL:     9   Next: 40%
Magic:  12/12      EV: 17    Int: 27    God:    Wu Jian [*.....]
Gold:   534        SH:  0    Dex: 21    Spells: 10/12 levels left

rFire   + + .      SeeInvis .   o - +0 dagger (venom)
rCold   . . .      Faith    .   (no shield)
rNeg    . . .      Spirit   .   D - +0 leather armour of the Undertaker {rPois rF++ Str-2 Int+4}
rPois   +          Reflect  .   (no helmet)
rElec   .          Harm     .   (no cloak)
rCorr   .          Rampage  .   n - +1 pair of gloves
Will    .....                   (no boots)
Stlth   ++++++....              (no amulet)
HPRegen 0.16/turn               q - +6 ring of intelligence
MPRegen 0.13/turn               B - +6 ring of dexterity

@: no status effects
A: small, no large weapons, nightstalker 3
a: Renounce Religion


You were on level 6 of the Dungeon.
You worshipped Wu Jian.
Wu Jian was aware of your devotion.
You visited 1 branch of the dungeon, and saw 7 of its levels.

You collected 534 gold pieces.

Inventory:

Hand Weapons
 o - a +0 dagger of venom (weapon)
 C - a +0 dagger of flaming
Missiles
 l - 21 poisoned darts (quivered)
Armour
 b - a +0 robe
 n - a +1 pair of gloves (worn)
 D - the +0 leather armour of the Undertaker (worn) {rPois rF++ Str-2 Int+4}
   (You found it on level 5 of the Dungeon)

   Str:       It affects your strength (-2).
   Int:       It affects your intelligence (+4).
   rF:        It greatly protects you from fire.
   rPois:     It protects you from poison.
Jewellery
 q - a +6 ring of intelligence (left hand)
 u - a ring of ice
 x - a ring of poison resistance
 B - a +6 ring of dexterity (right hand)
Wands
 h - a wand of paralysis (5)
 r - a wand of polymorph (7)
 H - a wand of roots (11)
Scrolls
 d - 4 scrolls of enchant weapon
 e - 4 scrolls of teleportation
 f - a scroll of silence {unknown}
 m - 7 scrolls of fog
 p - a scroll of poison {unknown}
 t - a scroll of noise {unknown}
 v - a scroll of vulnerability {unknown}
 w - 4 scrolls of fear
 y - 4 scrolls of identify
 F - a scroll of immolation {unknown}
Potions
 c - a potion of invisibility
 g - 4 potions of mutation
 i - 3 potions of heal wounds {unknown}
 j - 2 potions of resistance {unknown}
 k - 2 potions of curing {unknown}
 s - 2 potions of berserk rage {unknown}
 z - a potion of flight {unknown}
 A - a potion of degeneration {unknown}
 E - a potion of attraction {unknown}
 G - a potion of ambrosia {unknown}


   Skills:
 - Level 2.0 Fighting
 - Level 6.0 Short Blades
 - Level 2.0 Throwing
 - Level 2.0 Armour
 - Level 6.0 Dodging
 + Level 11.5 Stealth
 - Level 2.1 Spellcasting
 - Level 3.0 Hexes
 - Level 5.0 Evocations


You had 10 spell levels left.
You knew the following spells:

 Your Spells              Type           Power      Damage    Failure   Level
a - Ensorcelled Hibernat  Hex/Ice        22%        N/A       12%         2

Your spell library contained the following spells:

 Spells                   Type           Power      Damage    Failure   Level
 Confusing Touch          Hex            19%        N/A       12%         3
 Tukima's Dance           Hex            19%        N/A       12%         3
 Sting                    Tmut/Pois      8%         1d3       14%         1
 Poisonous Vapours        Pois/Air       4%         N/A       22%         2
 Dazzling Flash           Conj/Hex       22%        N/A       22%         3
 Airstrike                Air            1%         2d(1-17)  80%         4
 Olgreb's Toxic Radiance  Pois           2%         N/A       80%         4
 Summon Lightning Spire   Summ/Air       2%         N/A       80%         4
 Lightning Bolt           Conj/Air       1%         1d12      98%         5


Dungeon Overview and Level Annotations

Branches:
Dungeon (7/15)             Temple (0/1) D:7

Altars:
Dithmenos
Elyvilon
Wu Jian
Yredelemnul

Shops:
D:2 =

Annotations:
D:7 3 runed translucent doors


Innate Abilities, Weirdness & Mutations

You are small and have problems with some larger weapons.
You are completely attuned to the shadows.


Message History

The orc priest mumbles some strange prayers to Beogh against you.
Beogh smites you!
You hear a croak.
You hear a shout! x2
You hit the orc priest but do no damage.
The orc priest is lightly wounded.
You hear a shout!
A bullfrog comes into view.
The orc priest barely misses you.
The orc priest attacks as you move away!
The orc priest hits you but does no damage.
The sky beast flickers out of sight!
Deactivating autopickup; reactivate with Ctrl-A.
There is an open door here.
Something hits you. Something shocks you.
Something hits you but does no damage.
The orc priest calls down the wrath of Beogh upon you.
You struggle to resist.
There is a stone staircase leading up here.
The orc priest looks braver for a moment.
Something hits you but does no damage.
You climb upwards.
Reactivating autopickup.
There is a stone staircase leading down here.
You start resting.
Something hits you but does no damage.
Deactivating autopickup; reactivate with Ctrl-A.
You start resting.
Something closely misses you.
You hit something but do no damage. Something hits you. Something shocks you.
Something hits you. Something shocks you.
* * * LOW HITPOINT WARNING * * *
It was a potion of cancellation.
You feel magically purged. Something hits you but does no damage.
Something hits you.
* * * LOW HITPOINT WARNING * * *
Something shocks you.
* * * LOW HITPOINT WARNING * * *
Something hits you but does no damage. Something hits you.
* * * LOW HITPOINT WARNING * * *
Something shocks you.
You die...

#.....#........#...#.....#'##
##....#........#...#.....#...
#.....#........#...#.....#...
#.....#........#...#.....#...
##.....#........#...#.....#...
#...##+#........#...#.....#...
####...#........#'###.....#'##
#....#......................
#....#.....@................
#....#......................
#....#.>....................
#....#......................
#....#......................
#....#......................
##...#..............########
#####..............#
#......[.......#


There were no monsters in sight!

Vanquished Creatures
  Joseph (D:7)
  2 water moccasins (D:5)
  An orc warrior (D:7)
  2 ice beasts
  A kobold brigand (D:7)
  3 scorpions
  3 bullfrogs
  7 hounds
  3 jellies
  Crazy Yiuf (D:2)
  2 gnoll boudas (D:7)
  Jessica (D:3)
  8 gnolls
  9 adders
  2 shadow imps (D:6)
  2 ufetubi
  2 worms
  2 dart slugs (D:4)
  3 orcs
  3 ball pythons
  6 bats
  6 endoplasms
  3 giant cockroaches (D:4)
  8 goblins
  8 hobgoblins
  2 quokkas
  4 frilled lizards
  9 kobolds
  5 rats
109 creatures vanquished.

Vanquished Creatures (others)
  A plant (D:7)
1 creature vanquished.

Grand Total: 110 creatures vanquished

Notes
Turn   | Place    | Note
-------+----------+-------------------------------------------
     0 | D:1      | Strafespey the Kobold Enchanter began the quest for the
                  | Orb.
     0 | D:1      | Reached XP level 1. HP: 10/10 MP: 3/3
    78 | D:1      | Reached XP level 2. HP: 17/17 MP: 5/5
   472 | D:1      | Learned a level 2 spell: Ensorcelled Hibernation
   611 | D:1      | Reached XP level 3. HP: 21/21 MP: 6/6
   706 | D:1      | Reached skill level 5 in Stealth
  1166 | D:2      | Found a faded altar of an unknown god.
  1218 | D:2      | Reached skill level 1 in Throwing
  1218 | D:2      | Reached XP level 4. HP: 26/26 MP: 7/7
  1276 | D:2      | Found Ages Voufi's Jewellery Shoppe.
  1863 | D:2      | Found a runed translucent door.
  1866 | D:2      | Noticed Crazy Yiuf
  2109 | D:2      | Killed Crazy Yiuf
  2240 | D:3      | Noticed Jessica
  2244 | D:3      | Killed Jessica
  2245 | D:3      | Reached skill level 6 in Stealth
  2245 | D:3      | Reached XP level 5. HP: 30/30 MP: 8/8
  2769 | D:3      | Identified the +4 great sword "Naorchoad" {elec, Fly Dex+2}
  3071 | D:4      | Reached skill level 7 in Stealth
  3115 | D:4      | Reached XP level 6. HP: 35/35 MP: 9/9
  3238 | D:4      | Reached skill level 8 in Stealth
  3986 | D:5      | Entered Level 5 of the Dungeon
  4301 | D:5      | Identified the +0 leather armour of the Undertaker {rPois
                  | rF++ Str-2 Int+4}
  4348 | D:5      | Reached XP level 7. HP: 40/40 MP: 10/10
  4384 | D:5      | Reached skill level 5 in Short Blades
  4474 | D:5      | Noticed a water moccasin
  4954 | D:5      | Killed a water moccasin
  4982 | D:5      | Found an ornate altar of the Wu Jian Council.
  4996 | D:5      | Found a white marble altar of Elyvilon.
  5008 | D:5      | Noticed a water moccasin
  5017 | D:5      | Killed a water moccasin
  5018 | D:5      | Reached skill level 5 in Dodging
  5018 | D:5      | Reached XP level 8. HP: 24/44 MP: 2/11
  5575 | D:5      | Became a worshipper of the Wu Jian Council
  5889 | D:6      | Reached skill level 1 in Armour
  6413 | D:6      | Reached skill level 1 in Evocations
  6528 | D:6      | Found a basalt altar of Yredelemnul.
  6728 | D:7      | Found a runed translucent gate.
  6728 | D:7      | Found a runed translucent gate.
  6728 | D:7      | Found a runed translucent gate.
  6729 | D:7      | Noticed a wraith
  6785 | D:7      | Found a shadowy altar of Dithmenos.
  6808 | D:7      | Noticed Joseph
  6811 | D:7      | Killed Joseph
  6812 | D:7      | Reached skill level 5 in Evocations
  6815 | D:7      | Found a staircase to the Ecumenical Temple.
  6911 | D:7      | Reached XP level 9. HP: 48/48 MP: 12/12
  6965 | D:7      | Reached skill level 9 in Stealth
  7126 | D:6      | Reached skill level 10 in Stealth
  7518 | D:7      | Reached skill level 11 in Stealth
  7598 | D:7      | Reached * piety under Wu Jian
  7650 | D:6      | Slain by a sky beast

Illustrated notes

Levels and vault maps discovered:
D:1:      mainiacjoe_arrival_reflecting_pool, layout_loops_ring
D:2:      layout_loops_ring, serial_shops, nicolae_shop_trees,
          shapermc_ecumenical_altar_notcrosses, uniq_crazy_yiuf_cottage
D:3:      layout_basic, nicolae_figureground_pulse, uniq_jessica
D:4:      layout_basic
D:5:      layout_loops_ring, mainiacjoe_overflow_large_starburst
D:6:      layout_gridville, mainiacjoe_overflow_cross_hatched
D:7:      nzn_winding_woodlands_stair_cross
          [nzn_winding_woodlands_5x15_lazy_stream,
          nzn_winding_woodlands_center_diamonds,
          nzn_winding_woodlands_5x15_twine,
          nzn_winding_woodlands_5x5_checkerboard,
          nzn_winding_woodlands_5x5_default,
          nzn_winding_woodlands_5x15_river_crossing,
          nzn_winding_woodlands_center_lodge, nzn_winding_woodlands_5x15_pool],
          layout_cave_pools, mainiacjoe_overflow_alcove_2,
          minmay_temple_entry_statues_pillars, gammafunk_ghost_split,
          grunt_ministairs_5, uniq_joseph

Skill      XL: |  1  2  3  4  5  6  7  8  9 |
---------------+----------------------------+-----
Fighting       | 2 |  2.0
Short Blades   | 2 4 6 |  6.0
Stealth        | 5 6 7 8 11 | 11.5
Throwing       | 1 2 |  2.0
Dodging        | 5 6 |  6.0
Armour         | 2 |  2.0
Evocations     | 5 |  5.0
Spellcasting   | |  2.1
Hexes          | |  3.0

Action                   |  1- 3 |  4- 6 |  7- 9 || total
-------------------------+-------+-------+-------++-------
Melee: Dagger            |    55 |    92 |    76 ||   223
       Punch             |     1 |       |     1 ||     2
Throw: Dart              |       |       |     5 ||     5
 Cast: Ensorcelled Hiber |     1 |     2 |    21 ||    24
Invok: Lunge             |       |       |    15 ||    15
Evoke: Wand              |       |       |     2 ||     2
  Use: Scroll            |       |     5 |       ||     5
       Potion            |       |       |     2 ||     2
 Stab: Sleeping          |    19 |    29 |    28 ||    76
       Paralysed         |       |       |     2 ||     2
       Distracted        |       |       |     1 ||     1
Armor: Robe              |     7 |    14 |       ||    21
       Leather armour    |       |       |    17 ||    17
Dodge: Dodged            |    32 |    47 |    60 ||   139
